AoeStats
← Momss

Black Forest

505102485Analyzed
2v2 RM · 26d ago on Sep 7, 2026· 68m 50s· 4 players
Game mode
Random Map
Map size
Medium (4 player)
Population
200
Speed
Normal
Resources
Standard
Victory
Conquest
Starting age
Dark Age
Ending age
Imperial Age
RankedLock teamsTeams togetherTeam positionsShared explorationLock speedFull tech treeHidden civsTurbo modeCheats
Victory
Defeat
🇦🇷 Spanish · Argentina
549
+18
🇦🇷 Persians · Argentina
523
+19
🇫🇷 Britons · France
600
-19
🇫🇷 Khmer · France
577
-18
lautarosmg
12:03 Feudal Age
12:46 Double-Bit Axe
16:43 Horse Collar
20:45 Castle Age
19:37 Man-at-Arms
21:44 Wheelbarrow
21:00 Long Swordsman
22:17 Bow Saw
22:11 Heavy Plow
22:46 Forging
24:28 Scale Mail Armor
26:59 Hand Cart
28:09 Iron Casting
28:01 Town Watch
29:32 Town Patrol
30:28 Chain Mail Armor
33:45 Imperial Age
32:27 Scale Barding Armor
33:49 Chain Barding Armor
36:08 Capped Ram
38:29 Blast Furnace
38:00 Plate Mail Armor
38:53 Plate Barding Armor
37:47 Cavalier
41:00 Siege Ram
43:24 Paladin
44:51 Two-Handed Swordsman
61:28 Bloodlines
61:20 Husbandry
jjotafigueroa
10:38 Loom
24:22 Feudal Age
25:27 Horse Collar
25:38 Double-Bit Axe
26:35 Wheelbarrow
25:46 Town Watch
37:03 Arson
37:17 Gold Mining
37:25 Stone Mining
44:18 Castle Age
44:56 Squires
44:42 Gambesons
44:18 Pikeman
44:26 Pikeman
45:23 Scale Barding Armor
45:19 Scale Mail Armor
45:30 Forging
45:11 Fletching
45:22 Padded Archer Armor
45:55 Bow Saw
52:54 Heavy Plow
58:25 Husbandry
58:36 Bloodlines
Momss
0:27 Loom
15:19 Feudal Age
23:51 Castle Age
24:08 Man-at-Arms
25:17 Stone Mining
25:15 Double-Bit Axe
25:14 Horse Collar
25:56 Long Swordsman
30:56 Heavy Plow
31:09 Bow Saw
32:52 Wheelbarrow
32:24 Scale Mail Armor
37:40 Hand Cart
37:46 Gold Mining
40:15 Fortified Wall
40:01 Murder Holes
40:50 Pikeman
51:36 Imperial Age
hugo.halle1
14:40 Feudal Age
15:17 Double-Bit Axe
15:31 Horse Collar
17:11 Gold Mining
21:21 Padded Archer Armor
21:11 Fletching
24:49 Castle Age
25:31 Crossbowman
28:21 Gold Shaft Mining
28:00 Bow Saw
27:55 Heavy Plow
28:15 Leather Archer Armor
27:55 Bodkin Arrow
30:55 Wheelbarrow
31:40 Scale Barding Armor
31:46 Forging
31:34 Stone Mining
34:34 Hand Cart
37:07 Ballistics
43:09 Imperial Age
43:26 Elite Longbowman
45:16 Chemistry
45:35 Arbalester
47:05 Ring Archer Armor
46:35 Bracer
66:42 Warwolf
Connection lost

Rejoining the realm…

Still unreachable

The connection could not be restored.

Session expired

The server has moved on; the page needs a fresh start.